 Dungeon Crawl Stone Soup version 0.28.0-43-g3370ac3207 (webtiles) character file.

Game seed: 8240251308759436638

70 terff the Covered (level 4, -7/37 HPs)
             Began as a Human Fighter on Mar 30, 2022.
             Mangled by a wyvern skeleton (9 damage)
             ... on level 3 of the Dungeon.
             The game lasted 00:02:13 (2211 turns).

terff the Covered (Human Fighter)                   Turns: 2211, Time: 00:02:14

Health: -7/37      AC:  8    Str: 16    XL:     4   Next: 44%
Magic:  4/4        EV:  9    Int:  9    God:
Gold:   116        SH:  5    Dex: 14    Spells: 3/3 levels left

rFire   . . .      SeeInvis .   a - +0 long sword
rCold   . . .      Faith    .   c - +0 buckler
rNeg    . . .      Spirit   .   b - +0 scale mail
rPois   .          Reflect  .   (no helmet)
rElec   .          Harm     .   e - +0 cloak
rCorr   .          Rampage  .   (no gloves)
Will    .....                   (no boots)
Stlth   ..........              (no amulet)
HPRegen 0.12/turn               (no ring)
MPRegen 0.09/turn               (no ring)

@: no status effects
A: no striking features
a: no special abilities


You were on level 3 of the Dungeon.
You visited 1 branch of the dungeon, and saw 3 of its levels.

You collected 116 gold pieces.

Inventory:

Hand Weapons
 a - a +0 long sword (weapon)
Armour
 b - a +0 scale mail (worn)
 c - a +0 buckler (worn)
 e - a +0 cloak (worn)
Jewellery
 h - a ring of see invisible
Scrolls
 f - 3 scrolls of fog {unknown}
 g - 2 scrolls of teleportation {unknown}
 i - a scroll of identify {unknown}
Potions
 d - a potion of might
 j - a potion of brilliance {unknown}
 k - a potion of berserk rage {unknown}
 l - a potion of flight {unknown}


   Skills:
 + Level 3.7 Fighting
 + Level 2.3 Long Blades
 * Level 3.8 Armour
 + Level 0.2 Dodging
 + Level 0.1 Stealth
 + Level 3.3 Shields


You had 3 spell levels left.
You didn't know any spells.
Your spell library contained the following spells:

 Spells                   Type           Power      Damage    Failure   Level
 Call Canine Familiar     Summ           0%         N/A       99%         3
 Portal Projectile        Hex/Tloc       0%         N/A       99%         3
 Leda's Liquefaction      Hex/Erth       0%         N/A       100%        4


Dungeon Overview and Level Annotations

Branches:
Dungeon (3/15)

Altars:


Message History

There is an open door here.
There is an open door here.
You see here an adder skeleton.
There is a stone staircase leading down here.
You climb downwards.
Found 10 gold pieces.
There is a stone staircase leading up here.
You now have 116 gold pieces (gained 10).
Found a stone staircase leading down.
There is a stone staircase leading down here.
A wyvern skeleton comes into view.
The wyvern skeleton bites you but does no damage.
The wyvern skeleton bites you.
You slash the wyvern skeleton!
The wyvern skeleton is moderately damaged.
The wyvern skeleton bites you! The wyvern skeleton barely misses you.
You slash the wyvern skeleton!
The wyvern skeleton is heavily damaged.
The wyvern skeleton bites you.
You slash the wyvern skeleton!
The wyvern skeleton is severely damaged.
The wyvern skeleton closely misses you. The wyvern skeleton bites you!
You barely miss the wyvern skeleton.
The wyvern skeleton is severely damaged.
The wyvern skeleton bites you. x2
* * * LOW HITPOINT WARNING * * *
You barely miss the wyvern skeleton.
The wyvern skeleton is severely damaged.
The wyvern skeleton bites you but does no damage.
The wyvern skeleton bites you!
* * * LOW HITPOINT WARNING * * *
The wyvern skeleton bites you but does no damage.
You hit the wyvern skeleton.
The wyvern skeleton is severely damaged.
The wyvern skeleton barely misses you.
The wyvern skeleton bites you but does no damage.
You hit the wyvern skeleton.
The wyvern skeleton is severely damaged.
The wyvern skeleton bites you!
You die...

#.#####.##.# .#
......##.##.####.#
....
#..........#.#
##..
####.##.##.#.# #..
...##>##.#.# #..
.....##......#
..#############.##
#.# #@# ######Z##
#.......#
#.####..# ...#
.##.# #. .# . .#
.# ##


You could see a wyvern skeleton.

Vanquished Creatures
  3 adders (D:2)
  A worm (D:2)
  3 dart slugs
  6 endoplasms
  2 giant cockroaches (D:1)
  3 goblins
  A hobgoblin (D:2)
  2 kobolds
  3 ball pythons
  3 bats (D:1)
  2 frilled lizards (D:1)
  4 rats (D:2)
33 creatures vanquished.

Notes
Turn   | Place    | Note
-------+----------+-------------------------------------------
     0 | D:1      | terff the Human Fighter began the quest for the Orb.
     0 | D:1      | Reached XP level 1. HP: 18/18 MP: 1/1
   228 | D:1      | Reached XP level 2. HP: 24/24 MP: 2/2
   711 | D:1      | Reached XP level 3. HP: 20/29 MP: 3/3
  1732 | D:2      | Reached XP level 4. HP: 31/37 MP: 4/4
  2207 | D:3      | HP: 1/37 [wyvern skeleton (10)]
  2211 | D:3      | Mangled by a wyvern skeleton

Illustrated notes

Levels and vault maps discovered:
D:1:      minmay_arrival_stair_chambers, layout_loops_ring
D:2:      wander_river, layout_basic
D:3:      layout_loops_cross, mainiacjoe_overflow_boulevard,
          gammafunk_ghost_grave

Action                   |  1- 3 |  4- 6 || total
-------------------------+-------+-------++-------
Melee: Long sword        |    84 |    28 ||   112
Armor: Scale mail        |    50 |    20 ||    70
Dodge: Dodged            |    42 |    15 ||    57
Block: Buckler           |    18 |     4 ||    22
